 Dungeon Crawl Stone Soup version 0.22-a0-373-gab1296c (webtiles) character file.

53 ohad the Slasher (level 3, -8/27 HPs)
             Began as a Demonspawn Gladiator on Apr 25, 2018.
             Killed by nerve-wracking pain
             ... invoked by Jessica
              (11 damage)
             ... on level 2 of the Dungeon.
             The game lasted 00:01:48 (1763 turns).

ohad the Slasher (Demonspawn Gladiator)             Turns: 1763, Time: 00:01:49

Health: -8/27      AC:  6    Str: 14    XL:     3   Next: 62%
Magic:  3/3        EV: 13    Int:  9    God:
Gold:   101        SH:  0    Dex: 15    Spells: 2/2 levels left

rFire    . . .     SeeInvis .   a - +0 long sword
rCold    . . .     Gourm    .   (no shield)
rNeg     . . .     Faith    .   j - +0 ring mail
rPois    .         Spirit   .   c - +0 helmet
rElec    .         Reflect  .   (no cloak)
rCorr    .         Harm     .   (no gloves)
MR       .....                  (no boots)
Stlth    +.........             (no amulet)
HPRegen  0.09/turn              (no ring)
MPRegen  0.08/turn              (no ring)

@: no status effects
A: repulsion field 1, spiny 1
a: no special abilities


You were on level 2 of the Dungeon.
You were not hungry.

You visited 1 branch of the dungeon, and saw 2 of its levels.

You collected 101 gold pieces.

Inventory:

Hand Weapons
 a - a +0 long sword (weapon)
Missiles
 d - 2 throwing nets (quivered)
Armour
 b - a +0 leather armour
 c - a +0 helmet (worn)
 j - a +0 ring mail (worn)
Jewellery
 i - an uncursed ring of stealth {unknown}
Scrolls
 e - a scroll of fear {unknown}
 g - 3 scrolls of remove curse {unknown}
 h - 3 scrolls of identify {unknown}
Potions
 k - a potion of agility {unknown}
Comestibles
 f - a ration
 l - 2 chunks of flesh


   Skills:
 - Level 2.0 Fighting
 + Level 4.2 Long Blades
 - Level 1.7 Throwing
 - Level 2.6 Dodging


You had 2 spell levels left.
You didn't know any spells.

Dungeon Overview and Level Annotations

Branches:
Dungeon (2/15)

Altars:
Trog

Annotations:
D:2 Jessica, Robin


Innate Abilities, Weirdness & Mutations

You are surrounded by a mild repulsion field. (EV +2)
You are partially covered in sharp spines.


Message History

6 goblins, 5 hobgoblins and Robin come into view.
Robin shouts!
The hobgoblin shouts!
The goblin shouts! x2
The hobgoblin shouts!
The goblin shouts! x2; The hobgoblin shouts!
The goblin shouts!
The kobold closely misses you.
You riposte.
You hit the kobold but do no damage. You hit the kobold.
You kill the kobold!
Jessica is struck by your spines. Jessica hits you with a hand axe.
Robin roars a battlecry!
The goblins go into a battle-frenzy!
The hobgoblin is struck by your spines.
The hobgoblin hits you but does no damage.
Okay, then.
Jessica points at you and mumbles some strange words.
Pain shoots through your body!
* * * LOW HITPOINT WARNING * * *
Jessica gestures at you while chanting. Pain shoots through your body!
You die...

#.#.#.. ######### #...#..
#.......# ##..#.. ##....g..#
#..### #....gg..# #..#
#..g.g.g.###### ##.#
#.(.ggg..#....# #.##
####.gg######....######..#
....'..gg@.@..............##
..###.?.########.......##..#
##### #............
#..####...... #...##.......
#...##..##### #...###.#####
#.........#.. ##.......####


You could see Jessica, a hobgoblin and 3 goblins.

Vanquished Creatures
  Terence (D:2)
  A giant cockroach (D:1)
  A goblin (D:1)
  2 hobgoblins
  6 jackals
  3 kobolds
  3 bats (D:1)
  4 frilled lizards (D:1)
  6 rats (D:1)
27 creatures vanquished.

Vanquished Creatures (others)
  A worm (D:2)
1 creature vanquished.

Grand Total: 28 creatures vanquished

Notes
Turn   | Place    | Note
-------+----------+-------------------------------------------
     0 | D:1      | ohad the Demonspawn Gladiator began the quest for the Orb.
     0 | D:1      | Reached XP level 1. HP: 16/16 MP: 1/1
   102 | D:1      | Reached skill level 3 in Long Blades
   398 | D:1      | Gained mutation: You are surrounded by a mild repulsion field. (EV +2) [demonic ancestry]
   398 | D:1      | Reached XP level 2. HP: 22/22 MP: 2/2
  1195 | D:2      | Noticed Terence
  1196 | D:2      | Noticed Jessica
  1216 | D:2      | Killed Terence
  1216 | D:2      | Reached skill level 4 in Long Blades
  1216 | D:2      | Gained mutation: You are partially covered in sharp spines. [demonic ancestry]
  1216 | D:2      | Reached XP level 3. HP: 7/27 MP: 3/3
  1548 | D:2      | Found a bloodstained altar of Trog.
  1758 | D:2      | Noticed Robin
  1763 | D:2      | Killed from afar by Jessica

Vault maps used:
D:1:      dpeg_arrival_lava_altar
D:2:      hangedman_decor_growths, trog_book, uniq_robin, uniq_jessica,
          uniq_terence

Skill      XL: |  1  2 |
---------------+-------+-----
Long Blades    | 3 4 |  4.2
Fighting       | |  2.0
Throwing       | |  1.7
Dodging        | |  2.6

Action                   || total
-------------------------++-------
Melee: Long sword        ||    65
Throw: Throwing net      ||     3
  Eat: Chunk             ||     3
Armor: Leather armour    ||    11
       Ring mail         ||     8
Dodge: Dodged            ||    42
       Rpst.: Long sword ||    12

Table legend:
 A = Spawn XP
 B = Non-spawn XP
 C = Spawn XP percentage of total XP
 D = Spawn monster count
 E = Non-spawn monster count
 F = Spawn count percentage of total count
 G = Total turns spent on level
                    A         B        C        D         E        F      G
               +---------+---------+-------+---------+---------+-------+---------
         Total |       0 |      76 |   0.0 |       0 |      27 |   0.0 |  1763
               +---------+---------+-------+---------+---------+-------+---------
           D:1 |       0 |      30 |   0.0 |       0 |      21 |   0.0 |  1146
           D:2 |       0 |      46 |   0.0 |       0 |       6 |   0.0 |   617
               +---------+---------+-------+---------+---------+-------+---------
